 Dungeon Crawl Stone Soup version 0.19-a0-1259-g4fc3c0a (console) character file.

16 Garrluk the Ruffian (level 2, -1/25 HPs)
             Began as a Naga Transmuter on Aug 28, 2016.
             Slain by a jackal (3 damage)
             ... on level 1 of the Dungeon.
             The game lasted 00:02:17 (359 turns).

Garrluk the Ruffian (Naga Transmuter)                Turns: 359, Time: 00:02:18

Health: -1/25      AC:  2    Str: 10 (12) XL:     2   Next: 58%
Magic:  4/5        EV:  9    Int: 10 (13) God:
Gold:   17         SH:  0    Dex:  8 (11) Spells: 1 memorised, 4 levels left

rFire  . . .     SeeInvis +       - Unarmed
rCold  . . .     Gourm    .     b - +0 robe
rNeg   . . .     Faith    .     (no shield)
rPois  +         Spirit   .     (no helmet)
rElec  .         Dismiss  .     (no cloak)
rCorr  .         Reflect  .     g - +0 pair of gloves
MR     .....     Harm     .     (no barding)
Stlth  +.........               (no amulet)
                                (no ring)
                                k - ring of wizardry

@: appendage, very slow
A: horns 2, see invisible, deformed body, poison resistance, slowness 2, slow
metabolism 1, spit poison 2, AC +0
a: Spit Poison, End Transformation


You were on level 1 of the Dungeon.
You were not hungry.
You had grown temporary horns.
You visited 1 branch of the dungeon, and saw 1 of its levels.

You collected 17 gold pieces.

Notes
Turn   | Place    | Note
-------+----------+-------------------------------------------
     0 | D:1      | Garrluk the Naga Transmuter began the quest for the Orb.
     0 | D:1      | Reached XP level 1. HP: 18/18 MP: 3/3
   238 | D:1      | Reached XP level 2. HP: 25/25 MP: 3/5
   359 | D:1      | Slain by a jackal

Inventory:

Missiles
 a - 34 arrows
Armour
 b - a +0 robe (worn)
 g - a +0 pair of gloves (worn)
   (You found it on level 1 of the Dungeon)
Jewellery
 k - a ring of wizardry (left hand)
   (You found it on level 1 of the Dungeon)
Scrolls
 e - a scroll of recharging {unknown}
 i - a scroll of identify {unknown}
 j - a scroll of remove curse {unknown}
 l - a scroll of teleportation {unknown}
Books
 c - a book of Changes

   Spells                             Type                      Level
   a - Beastly Appendage              Transmutation                1
   b - Sticks to Snakes               Transmutation                2
   c - Spider Form                    Transmutation/Poison         3
   d - Ice Form                       Ice/Transmutation            4
   e - Blade Hands                    Transmutation                5
Comestibles
 d - a bread ration

Table legend:
 A = Turns spent in this place as a percentage of turns spent in the entire game.
 B = Non-inter-level travel turns spent in this place as a percentage of non-inter-level travel turns spent in the entire game.
 C = Inter-level travel turns spent in this place as a percentage of turns spent in this place.
 D = Turns resting spent in this place as a percentage of non-inter-level travel turns spent in this place.
 E = Turns spent auto-exploring this place as a percentage of non-inter-level travel turns spent in this place.
 F = Non-inter-level travel turns spent in this place divided by the number of levels of this place that you've seen.
                   A       B       C       D       E      F
               +-------+-------+-------+-------+-------+----------------------
         Total | 100.0 | 100.0 |   0.0 |   5.9 |   9.8 | 153.0
       Dungeon | 100.0 | 100.0 |   0.0 |   5.9 |   9.8 | 153.0
               +-------+-------+-------+-------+-------+----------------------


   Skills:
 - Level 1.0 Fighting
 - Level 1.5 Dodging
 * Level 3.4 Unarmed Combat
 + Level 2.2 Spellcasting
 + Level 2.3 Transmutations


You had 4 spell levels left.
You knew the following spells:

 Your Spells              Type           Power        Failure   Level  Hunger
a - Beastly Appendage     Tmut           #.....       6%          1    ##.....


Dungeon Overview and Level Annotations

Branches:
Dungeon (1/15)

Altars:


Innate Abilities, Weirdness & Mutations

You cannot wear boots.
Your serpentine skin is tough. (AC +0)
You have supernaturally acute eyesight. (SInv)
Armour fits poorly on your strangely shaped body.
Your system is resistant to poisons. (rPois)
You cover ground very slowly.
You have a slow metabolism.
You can spit poison.
You have a pair of horns on your head.


Message History

Your horns disappear.
The jackal bites you. The jackal barely misses you. The jackal bites you.
* * * LOW HITPOINT WARNING * * *
The jackal bites you.
* * * LOW HITPOINT WARNING * * *
The jackal bites you.
* * * LOW HITPOINT WARNING * * *
The jackal misses you. The jackal bites you.
* * * LOW HITPOINT WARNING * * *
The jackal barely misses you. The jackal bites you.
* * * LOW HITPOINT WARNING * * *
The jackal closely misses you.
It was a potion of degeneration.
There was something very wrong with that liquid.
You feel weakened.
You feel dopey.
You feel clumsy. The jackal closely misses you. The jackal barely misses you.
Casting: Beastly Appendage
Confirm with . or Enter, or press ? or * to list all spells.
You grow a pair of large bovine horns.
The jackal bites you.
You die...

#....##.............≈≈≈§≈....
#####...........#.#....≈≈≈≈≈≈≈...
?.......#.#...#.#......≈≈%>§≈≈...
...........h..#.#.....§≈§≈≈§§§...
#.......................§§§§≈....
#.......##..##..#......§.§.......
#.....................###########
####.....##.###......## #.
#..#..##....#.#...# #.
#..#...####.#.#.### ..## #.
#....#.## #[#@#..# ....##.
#)..##..###.#h#..### #..... #...
##..##..h#..... ........ .....
##.†......### ###..... .#....
######...# ##..###. #..##
#####...# #....####. ...
#.......# ..### #..> #.####..# .#
#.## ...###.)####.# #.#
.............# #.#
............#######.#


You could see 2 jackals.

Table legend:
 A = Kills in this place as a percentage of kills in entire the game.
 B = Kills by you in this place as a percentage of kills by you in the entire game.
 C = Kills by friends in this place as a percentage of kills by friends in the entire game.
 D = Other kills in this place as a percentage of other kills in the entire game.
 E = Experience gained in this place as a percentage of experience gained in the entire game.
 F = Experience gained in this place divided by the number of levels of this place that you have seen.
                   A       B       C       D       E      F
               +-------+-------+-------+-------+-------+----------------------
         Total | 100.0 | 100.0 |  -nan |  -nan | 100.0 |  24.0
       Dungeon | 100.0 | 100.0 |  -nan |  -nan | 100.0 |  24.0
               +-------+-------+-------+-------+-------+----------------------

Vanquished Creatures
  Monster Symbol All 'K'
  2 kobolds (D:1)
2 creatures vanquished. All 'b' A bat (D:1)
1 creature vanquished. All 'g' A goblin (D:1) A hobgoblin (D:1)
2 creatures vanquished. All 'h' 2 jackals (D:1)
2 creatures vanquished. All 'l' A giant newt (D:1)
1 creature vanquished. All 'r' 4 rats (D:1)
4 creatures vanquished. All 'w' 2 dart slugs (D:1)
2 creatures vanquished.
14 creatures vanquished. Monster Nature Natural Monsters 2 dart slugs (D:1) A goblin (D:1) A hobgoblin (D:1) 2 jackals (D:1) A bat (D:1) A giant newt (D:1) 2 kobolds (D:1) 4 rats (D:1)
14 creatures vanquished.
14 creatures vanquished. Ascending Order A hobgoblin (D:1) A goblin (D:1) A giant newt (D:1) A bat (D:1) 2 dart slugs (D:1) 2 jackals (D:1) 2 kobolds (D:1) 4 rats (D:1)
14 creatures vanquished.

Action                   || total
-------------------------++-------
Melee: Unarmed           ||    42
       Headbutt          ||     4
       Punch             ||     1
 Cast: Beastly Appendage ||     7
  Use: Potion            ||     1
Armor: Robe              ||     7
Dodge: Dodged            ||    30
